 Dungeon Crawl Stone Soup: Circus Animals version 1.7-37-g2c94cca (webtiles) character file.

365 DarthKuruptios the Firebug (level 7, -3/100 HPs) *STANDARD*
             Began as a Lava Orc Fire Elementalist on Aug 26, 2016.
             Slain by an orc warrior
             ... wielding a +2 glaive of freezing
              (25 damage)
             ... on level 6 of the Dungeon.
             The game lasted 00:41:18 (7423 turns).

DarthKuruptios the Firebug (LOFE)                   Turns: 7423, Time: 00:41:19

Health: -3/100     AC:  7    Str: 10    XL:     7   Next: 13%
Magic:  57/100     EV: 20    Int: 16    God:
Gold:   271        SH:  0    Dex: 16    Spells: 2 memorised, 7 levels left

rFire  + + .     rPois    .     i - +3 whip
rCold  . . .     rElec    +     m - +0 robe {MR+}
rNeg   . . .     rCorr    .     (no shield) MagicSh . . . SeeInvis .
                                l - +0 helmet StaminaSh . . . Faith .
                                f - +0 cloak RegenHP +++.......
SustAt +                        (no gloves) RegenSP +++....... Dismiss .
                                c - +0 pair of boots RegenMP +++....... Reflect .
                                (no amulet)
MR     ++++.     Harm     .     n - ring of sustain attributes
Stlth  ++........               j - ring of Tiudy {rElec MR+ Dex+3}

@: focus, drained, incredibly resistant to hostile enchantments, unstealthy
A: no striking features
a: Convert to Beogh


You were on level 6 of the Dungeon.
You were not hungry.

You visited 1 branch of the dungeon, and saw 6 of its levels.

You collected 409 gold pieces.
You spent 138 gold pieces at shops.

Inventory:

Hand Weapons
 g - a +1 whip
 i - a +3 whip (weapon)
Armour
 a - a +1 robe
 b - a +0 ring mail
 c - a +0 pair of boots (worn)
 f - a +0 cloak (worn)
 l - a +0 helmet (worn)
 m - a +0 robe of magic resistance (worn)
Jewellery
 d - an uncursed ring of protection from fire
 j - the ring of Tiudy (left hand) {rElec MR+ Dex+3}
   (You found it on level 5 of the Dungeon)

   [ring of protection from magic]

   It affects your dexterity (+3).
   It insulates you from electricity.
   It affects your resistance to hostile enchantments.
 n - a ring of sustain attributes (right hand)
Wands
 e - a wand of acid (15/9)
 h - a wand of lightning (9/15)
Scrolls
 c - 4 scrolls of enchant armour
 f - 2 scrolls of fog
 h - 5 scrolls of identify
 p - a scroll of blinking
Potions
 b - 3 potions of heal wounds
 d - 8 potions of magic
 e - 2 potions of flight
 g - 5 potions of agility
 i - 2 potions of lignification
 j - a potion of might {unknown}
 k - 2 potions of brilliance {unknown}
 l - 2 potions of curing
 m - a potion of resistance {unknown}
 n - 2 potions of stamina
 o - 7 potions of weak mutation
Books
 a - a book of Flames

   Spells                             Type                      Level
   a - Flame Tongue                   Fire                         1
   b - Conjure Flame                  Conjuration/Fire             3
   c - Inner Flame                    Hexes/Fire/Time              3
   d - Sticky Flame                   Conjuration/Fire/Time        4
   e - Fireball                       Conjuration/Fire/Light       5
   f - Bolt of Magma                  Conjuration/Fire/Earth       5


   Skills:
 - Level 0.2(0.1) Fighting
 - Level 1.1(1.0) Maces & Flails
 - Level 2.4(2.3) Dodging
 - Level 0.8(0.7) Stealth
 * Level 3.7(3.5) Spellcasting
 * Level 2.5(2.4) Conjurations
 * Level 5.5(5.4) Fire Magic
 * Level 2.4(2.3) Light Magic


You had 7 spell levels left.
You knew the following spells:

 Your Spells              Type           Power        Failure   Level  Hunger
a - Flame Tongue          Fire           #.........   3%          1    ##.....
 b -                      Fireball       Conj/Fire/Light#......... 30%         5    ####...


Dungeon Overview and Level Annotations

Branches:
Dungeon (6/7)

Altars:
Ashenzari
Dithmenos
Elyvilon
Gozag
Hepliaklqana
Nemelex Xobeh
Okawaru
Pakellas
Qazlal
Ru
Trog
Uskayaw
Xom
Zin

Shops:
D:6 ?


Message History

The flame tongue hits the orc warrior.
The orc warrior appears unharmed.
The orc priest shouts, "Surrender to Beogh and we'll let you live!"
The orc warrior barely misses you. The orc hits you with a flail. (hp-4)
The flame tongue hits the orc warrior.
The orc warrior appears unharmed.
The orc warrior hits you from afar with a glaive of freezing!!
You were prevented from receiving too much damage! (24 -> 21)
* * * LOW HITPOINT WARNING * * *; The orc warrior freezes you.
You were prevented from receiving too much damage! (4 -> 0)
The orc completely misses you. The orc warrior completely misses you.
The flame tongue hits the orc priest. (mon hp-10)
The orc misses you. The orc priest completely misses you.
The orc warrior hits you from afar with a glaive of freezing. (hp-5)
* * * LOW HITPOINT WARNING * * *; The orc warrior freezes you. (hp-2)
* * * LOW HITPOINT WARNING * * *; The orc completely misses you.
You feel better. (hp+43)
Your stony skin melts.
The orc priest barely misses you. The orc hits you with a flail. (hp-5)
* * * LOW HITPOINT WARNING * * *
The orc warrior hits you from afar with a glaive of freezing!!
You were prevented from receiving too much damage! (26 -> 25)
You die...

........# ...
........####...
.........#.....
..............
............# .....o[....#
# .......o....# ###
........o@...# #..
#.............# #..
#.............# #..
#.............# #..
#............## ##..
#...........############...
#..........####............
##.......##....####.....#
###..#.###...## ######.


You could see an orc warrior, an orc priest and an orc.

Vanquished Creatures
  Sigmund (D:2)
  3 phantoms
  2 sky beasts
  An ice beast (D:6)
  3 ogres
  A centaur (D:6)
  A giant frog (D:6)
  Blork the orc (D:6)
  3 scorpions
  7 wights (D:6)
  A howler monkey (D:5)
  A crimson imp (D:6)
  A centaur skeleton (D:6)
  A giant frog skeleton (D:4)
  2 hounds (D:4)
  2 orc priests
  An iguana (D:5)
  8 orc wizards
  5 worker ants
  A worker ant zombie (D:3)
  5 dart slugs
  7 giant geckos
  34 orcs
  3 worms (D:2)
  14 adders
  A ball python (D:2)
  14 bats
  7 giant cockroaches
  A gnoll (D:1)
  7 goblins
  5 hobgoblins
  17 jackals
  15 kobolds
  4 quokkas
  2 shadow imps
  An adder skeleton (D:6)
  A ball python zombie (D:5)
  11 giant newts
  A quokka skeleton (D:4)
  11 rats
207 creatures vanquished.

Notes
Turn   | Place    | Note
-------+----------+-------------------------------------------
     0 | D:1      | DarthKuruptios the Lava Orc Fire Elementalist began the quest for the Orb.
     0 | D:1      | Reached XP level 1. HP: 34/34 MP: 100/100
   164 | D:1      | Reached skill level 4 in Fire Magic
   209 | D:1      | Reached XP level 2. HP: 45/45 MP: 96/100
   529 | D:2      | Noticed Sigmund
   533 | D:2      | Killed Sigmund
   533 | D:2      | Reached XP level 3. HP: 48/56 MP: 63/100
   533 | D:2      | Reached XP level 4. HP: 57/67 MP: 63/100
  1367 | D:3      | Reached XP level 5. HP: 55/78 MP: 63/100
  1382 | D:3      | Learned a level 5 spell: Fireball
  4574 | D:4      | Found a shimmering altar of Xom.
  4579 | D:4      | Found a stormy altar of Qazlal.
  4581 | D:4      | Found a sparkling altar of Nemelex Xobeh.
  4587 | D:4      | Found an oddly glowing altar of Pakellas.
  4587 | D:4      | Found a bloodstained altar of Trog.
  4587 | D:4      | Found a sacrificial altar of Ru.
  4587 | D:4      | Found a shattered altar of Ashenzari.
  4588 | D:4      | Found a white marble altar of Elyvilon.
  4590 | D:4      | Found a shadowy altar of Dithmenos.
  4591 | D:4      | Found an iron altar of Okawaru.
  4592 | D:4      | Found an opulent altar of Gozag.
  4593 | D:4      | Found a hazy altar of Hepliaklqana.
  5378 | D:4      | Reached skill level 1 in Maces & Flails
  5378 | D:4      | Reached skill level 5 in Fire Magic
  5378 | D:4      | Reached skill level 1 in Light Magic
  5654 | D:4      | Found a faded altar of an unknown god.
  5760 | D:4      | Found a hide-covered altar of Uskayaw.
  6007 | D:5      | Entered Level 5 of the Dungeon
  6031 | D:5      | Reached XP level 6. HP: 58/61 MP: 42/100
  6258 | D:5      | Got a glittering pewter ring
  6259 | D:5      | Identified the ring of Tiudy {rElec MR+ Dex+3} (You found it on level 5 of the Dungeon)
  6919 | D:6      | Noticed Blork the orc
  6924 | D:6      | Killed Blork the orc
  7025 | D:6      | Reached XP level 7. HP: 72/72 MP: 71/100
  7085 | D:6      | Found Gisez's Magic Scroll Shop.
  7093 | D:6      | Bought a scroll of identify for 24 gold pieces
  7093 | D:6      | Bought a scroll of identify for 24 gold pieces
  7093 | D:6      | Bought a scroll of blinking for 90 gold pieces
  7232 | D:6      | Found a glowing silver altar of Zin.
  7423 | D:6      | Slain by an orc warrior

Skill      XL: |  1  2  3  4  5  6 |
---------------+-------------------+-----
Fire Magic     | 4 5 |  5.5
Spellcasting   | 3 |  3.7
Maces & Flails | 1 |  1.1
Light Magic    | 1 2 |  2.4
Conjurations   | 2 |  2.5
Fighting       | |  0.2
Dodging        | |  2.4
Stealth        | |  0.8

Action                   |  1- 3 |  4- 6 |  7- 9 || total
-------------------------+-------+-------+-------++-------
Melee: Unarmed           |       |     1 |       ||     1
       Whip              |       |   822 |     7 ||   829
Throw: Javelin           |       |    15 |       ||    15
       Tomahawk          |       |     2 |       ||     2
       Stone             |       |     2 |       ||     2
 Cast: Flame Tongue      |    52 |   330 |    36 ||   418
  Use: Scroll            |     2 |     6 |       ||     8
       Potion            |       |    17 |     1 ||    18
Armor: Robe              |    10 |    77 |     9 ||    96
       Ring mail         |       |   323 |       ||   323
Dodge: Dodged            |    25 |   709 |    58 ||   792
